 Dungeon Crawl Stone Soup version 0.19.1 (webtiles) character file.

161 Host24 the Bolt Thrower (level 5, -2/35 HPs)
             Began as a Kobold Hunter on Jan 1, 2017.
             Slain by an orc
             ... wielding a +0 club
              (3 damage)
             ... on level 3 of the Dungeon.
             The game lasted 00:04:25 (2419 turns).

Host24 the Bolt Thrower (Kobold Hunter)             Turns: 2419, Time: 00:04:26

Health: -2/35      AC:  5    Str: 10    XL:     5   Next: 70%
Magic:  5/5        EV: 16    Int: 12    God:
Gold:   110        SH:  0    Dex: 16    Spells: 0 memorised, 4 levels left

rFire  . . .     SeeInvis .     a - +1 hand crossbow
rCold  . . .     Gourm    .     c - +0 leather armour
rNeg   . . .     Faith    .     (shield restricted)
rPois  .         Spirit   .     (no helmet)
rElec  .         Reflect  .     j - +0 cloak (curse)
rCorr  .         Harm     .     (no gloves)
MR     .....                    m - +0 pair of boots
Stlth  ++........               (no amulet)
                                (no ring)
                                (no ring)

@: no status effects
A: carnivore 3
a: no special abilities


You were on level 3 of the Dungeon.
You were very full.

You visited 1 branch of the dungeon, and saw 3 of its levels.

You collected 110 gold pieces.

Inventory:

Hand Weapons
 a - a +1 hand crossbow (weapon)
 b - a +0 short sword
 o - a +0 whip of freezing
Missiles
 d - 12 bolts (quivered)
 g - 94 stones
 p - 15 poisoned needles
Armour
 c - a +0 leather armour (worn)
 j - a cursed +0 cloak (worn)
 m - a +0 pair of boots (worn)
Jewellery
 k - a cursed ring of protection from magic {unknown}
Scrolls
 e - 2 scrolls of noise {unknown}
 h - 2 scrolls of teleportation {unknown}
 l - a scroll of amnesia {unknown}
 n - 2 scrolls of identify {unknown}
 r - a scroll of remove curse {unknown}
 v - a scroll of enchant armour {unknown}
Potions
 i - 2 potions of mutation {unknown}
 q - a potion of agility {unknown}
 s - a potion of invisibility {unknown}
 t - 2 potions of flight {unknown}
 u - a potion of haste {unknown}
Comestibles
 f - a meat ration


   Skills:
 - Level 5.0 Fighting
 - Level 5.0 Crossbows
 + Level 4.1 Dodging
 - Level 1.3 Stealth


You had 4 spell levels left.
You didn't know any spells.

Dungeon Overview and Level Annotations

Branches:
Dungeon (3/15)

Altars:
Qazlal

Annotations:
D:2 1 runed door


Innate Abilities, Weirdness & Mutations

You are small and have problems with some larger weapons.
You are carnivorous and can eat meat at any time.


Message History

Aim: an orc priest, wielding a mace (severely wounded)
You shoot a bolt. The bolt hits the orc priest.
The orc priest is severely wounded.
The bat barely misses you. The orc closely misses you.
Firing (i - inventory. (,) - cycle):
d - 14 bolts (quivered)
Press: ? - help, Shift-Dir - straight line, f/p - orc priest
Aim: an orc priest, wielding a mace (severely wounded)
You shoot a bolt. The bolt hits the bat!
You kill the bat!
The orc hits you but does no damage. x2
Firing (i - inventory. (,) - cycle):
d - 13 bolts (quivered)
Press: ? - help, Shift-Dir - straight line, f/p - orc priest
Aim: an orc priest, wielding a mace (severely wounded)
You shoot a bolt. The bolt hits the orc.
The orc is almost dead.
The orc priest invokes the aid of Beogh against you.
Beogh smites you!
* * * LOW HITPOINT WARNING * * *
The orc hits you with a club.
You die...

.. [ ### ... .
..# ....#. #.#
....#. #.#
#....##.#####
#(....(...o.#
.#$......(o#o#
.......(####@#
........# #)#
......... #.#
.......### #.#
.......
#.###########
./..#..
#...........#
....+$.
##########.##
. ... ###
#.....# #
#.#####


You could see an orc priest and an orc.

Vanquished Creatures
  An orc priest (D:3)
  Ijyb (D:2)
  3 adders (D:2)
  An ooze (D:1)
  A worm (D:2)
  5 dart slugs
  2 leopard geckos
  2 orcs (D:3)
  9 bats
  4 giant cockroaches
  4 hobgoblins
  6 jackals
  A ball python (D:1)
  4 frilled lizards
  4 goblins
  9 kobolds
  2 rats
59 creatures vanquished.

Notes
Turn   | Place    | Note
-------+----------+-------------------------------------------
     0 | D:1      | Host24 the Kobold Hunter began the quest for the Orb.
     0 | D:1      | Reached XP level 1. HP: 12/12 MP: 1/1
   352 | D:1      | Reached XP level 2. HP: 15/18 MP: 2/2
   441 | D:1      | Reached XP level 3. HP: 9/23 MP: 3/3
   619 | D:1      | Reached skill level 5 in Crossbows
  1093 | D:2      | Reached XP level 4. HP: 10/29 MP: 4/4
  1388 | D:2      | Found a faded altar of an unknown god.
  1531 | D:2      | Noticed Ijyb
  1556 | D:2      | Killed Ijyb
  1651 | D:2      | Reached XP level 5. HP: 33/34 MP: 5/5
  1964 | D:2      | Found a runed door.
  2004 | D:2      | Found a stormy altar of Qazlal.
  2024 | D:2      | Reached skill level 5 in Fighting
  2419 | D:3      | HP: 1/35 [orc priest/divine providence (17)]
  2419 | D:3      | Slain by an orc

Skill      XL: |  1  2  3  4  5 |
---------------+----------------+-----
Fighting       | 3 4 5 |  5.0
Dodging        | 3 4 |  4.1
Crossbows      | 5 |  5.0
Stealth        | |  1.3

Action                   |  1- 3 |  4- 6 || total
-------------------------+-------+-------++-------
Melee: Short sword       |   149 |    97 ||   246
 Fire: Hand crossbow     |     4 |    23 ||    27
 Stab: Sleeping          |       |     2 ||     2
  Eat: Chunk             |     9 |     4 ||    13
Armor: Leather armour    |    53 |    33 ||    86
Dodge: Dodged            |   185 |   105 ||   290
